 Dungeon Crawl Stone Soup version 0.29.1-12-g30fa7ad0bf (webtiles) character file.

Game seed: 12018905385533025578

121 retardedninja the Chopper (level 5, 0/47 HPs)
             Began as a Hill Orc Fighter on Dec 15, 2022.
             Slain by Grinder (6 damage)
             ... on level 3 of the Dungeon.
             The game lasted 00:01:58 (2058 turns).

retardedninja the Chopper (Hill Orc Fighter)        Turns: 2058, Time: 00:01:59

Health: 0/47       AC:  7    Str: 18 (21) XL:     5   Next: 5%
Magic:  5/5        EV:  9    Int:  7 (8)  God:
Gold:   76         SH:  4    Dex:  9 (10) Spells: 4/4 levels left

rFire   . . .      SeeInvis .   a - +0 war axe
rCold   . . .      Faith    .   c - +0 buckler
rNeg    . . .      Spirit   .   b - +0 scale mail
rPois   .          Reflect  .   (no helmet)
rElec   .          Harm     .   (no cloak)
rCorr   .          Rampage  .   (no gloves)
Will    .....                   (no boots)
Stlth   ..........              (no amulet)
HPRegen 0.15/turn               (no ring)
MPRegen 0.09/turn               (no ring)

@: no status effects
A: no striking features
a: no special abilities


You were on level 3 of the Dungeon.
You visited 1 branch of the dungeon, and saw 3 of its levels.

You collected 76 gold pieces.

Inventory:

Hand Weapons
 a - a +0 war axe (weapon)
Armour
 b - a +0 scale mail (worn)
 c - a +0 buckler (worn)
Jewellery
 g - a ring of willpower
 q - a ring of fire
Wands
 t - a wand of flame (7)
Scrolls
 e - 2 scrolls of teleportation {unknown}
 h - a scroll of poison {unknown}
 j - 2 scrolls of identify {unknown}
 l - a scroll of fog {unknown}
 m - a scroll of amnesia {unknown}
 o - a scroll of silence {unknown}
 p - a scroll of summoning {unknown}
 s - 3 scrolls of blinking {unknown}
Potions
 d - a potion of might
 f - a potion of flight {unknown}
 i - 3 potions of degeneration
 k - 2 potions of cancellation {unknown}
 n - a potion of mutation {unknown}
 r - a potion of curing {unknown}


   Skills:
 + Level 4.4 Fighting
 + Level 4.9 Axes
 + Level 3.9 Armour
 + Level 0.4 Dodging
 + Level 0.1 Stealth
 + Level 3.6 Shields


You had 4 spell levels left.
You didn't know any spells.
Your spell library contained the following spells:

 Spells                   Type           Power      Damage    Failure   Level
 Apportation              Tloc           0%         N/A       88%         1
 Necrotise                Necr           0%         1d4       88%         1
 Summon Small Mammal      Summ           0%         N/A       88%         1
 Iskenderun's Battlesphe  Conj           0%         2d6       100%        5
 Iron Shot                Conj/Erth      0%         9d1       100%        6
 Spellforged Servitor     Conj/Summ      0%         N/A       100%        7


Dungeon Overview and Level Annotations

Branches:
Dungeon (3/15)

Altars:
Cheibriados

Annotations:
D:3 Grinder


Message History

Found 6 stones.
Found a stone staircase leading down and a stone staircase leading up.
There is a stone staircase leading up here.
A quokka is nearby!
You block the quokka's attack.
You slash the quokka!
You kill the quokka!
No target in view!
No target in view!
No target in view!
No target in view!
No target in view!
No target in view!
Found a faded altar of an unknown god.
Grinder comes into view.
She is carrying a wand of flame (13).
Grinder shouts!
Grinder blinks!
Grinder is nearby!
Grinder is nearby!
Grinder hits you!
You writhe in agony.
You closely miss Grinder. Grinder hits you.
You writhe in agony.
You barely miss Grinder. Grinder hits you but does no damage.
You closely miss Grinder. Grinder gestures at you.
You suddenly lose the ability to move!
Grinder hits you.
You writhe in agony.
Grinder gestures at you. Pain shoots through your body!
Grinder completely misses you.
Grinder zaps a wand.
The puff of flame hits you.
* * * LOW HITPOINT WARNING * * *
You can move again.
It was a potion of degeneration.
There was something very wrong with that liquid.
You feel weakened.
You feel dopey.
You feel clumsy. Grinder hits you.
* * * LOW HITPOINT WARNING * * *
You writhe in agony.
* * * LOW HITPOINT WARNING * * *
Grinder hits you.
You die...

#.#.P♣._.....
#.#..♣P..♣...
#.#.P.P..♣...
#.#...P.P.P..
###.##.........
#<....#.....#.
#.....#.....#
#.....#.....#
#...5@<...(.#
#........#........
#.#......#........
.........#.....#..
..##....##.....##.
.# ##.#.########
#.#.# ....


You could see Grinder.

Vanquished Creatures
  Natasha (thrice) (D:2)
  3 dart slugs
  3 ball pythons
  3 endoplasms
  2 giant cockroaches (D:2)
  7 goblins
  3 hobgoblins
  3 quokkas
  7 bats
  3 frilled lizards
  3 kobolds
  4 rats
44 creatures vanquished.

Notes
Turn   | Place    | Note
-------+----------+-------------------------------------------
     0 | D:1      | retardedninja the Hill Orc Fighter began the quest for the
                  | Orb.
     0 | D:1      | Reached XP level 1. HP: 19/19 MP: 1/1
   189 | D:1      | Reached XP level 2. HP: 27/27 MP: 2/2
   656 | D:1      | Reached XP level 3. HP: 30/33 MP: 3/3
   976 | D:2      | Found a snail-covered altar of Cheibriados.
  1225 | D:2      | Noticed Natasha
  1228 | D:2      | Killed Natasha
  1229 | D:2      | Reached XP level 4. HP: 31/40 MP: 4/4
  1335 | D:2      | Noticed Natasha
  1345 | D:2      | Killed Natasha
  1351 | D:2      | Noticed Natasha
  1359 | D:2      | Killed Natasha
  1360 | D:2      | Reached XP level 5. HP: 29/47 MP: 5/5
  2044 | D:3      | Found a faded altar of an unknown god.
  2048 | D:3      | Noticed Grinder
  2053 | D:3      | Paralysed by Grinder for 4 turns
  2058 | D:3      | Slain by Grinder

Illustrated notes

Levels and vault maps discovered:
D:1:      tarquinn_simple_flora_water_b, layout_basic
D:2:      layout_basic, basic_altar, item_on_display_a, uniq_natasha
D:3:      layout_rooms, dreamdust_ecumenical_altar_grove,
          kennysheep_minor_cross, palyth_stone_intersect, uniq_grinder

Skill      XL: |  1  2  3 |
---------------+----------+-----
Axes           | 3 4 |  4.9
Fighting       | 4 |  4.4
Armour         | |  3.9
Dodging        | |  0.4
Stealth        | |  0.1
Shields        | |  3.6

Action                   |  1- 3 |  4- 6 || total
-------------------------+-------+-------++-------
Melee: War axe           |    77 |    39 ||   116
  Use: Potion            |       |     1 ||     1
Armor: Scale mail        |    34 |    12 ||    46
Dodge: Dodged            |    40 |    23 ||    63
Block: Buckler           |    15 |    11 ||    26
